 Dungeon Crawl Stone Soup version 0.25-a0-41-g6cf4ce5 (webtiles) character file.

Game seed: 15308552817052509546, levelgen mode: deterministic

420 BoppinsLewinski the Poker (level 6, -1/56 HPs)
             Began as a Draconian Monk on Oct 21, 2019.
             Was a Follower of Uskayaw.
             Slain by a centaur (3 damage)
             ... on level 4 of the Dungeon.
             The game lasted 00:10:09 (4202 turns).

BoppinsLewinski the Poker (Draconian Monk)          Turns: 4202, Time: 00:10:09

Health: -1/56      AC:  7    Str: 14 (16) XL:     6   Next: 62%
Magic:  4/6        EV: 14    Int:  8 (10) God:    Uskayaw [*.....]
Gold:   276        SH:  0    Dex: 13      Spells: 5/5 levels left

rFire    . . .     SeeInvis .   a - +0 spear
rCold    . . .     Gourm    .   (no shield)
rNeg     . . .     Faith    .   (armour unavailable)
rPois    .         Spirit   .   (helmet restricted)
rElec    .         Reflect  .   (no cloak)
rCorr    .         Harm     .   (no gloves)
MR       .....                  p - +0 pair of boots
Stlth    ++........             (no amulet)
HPRegen  0.18/turn              (no ring)
MPRegen  0.10/turn              (no ring)

@: starving
A: unfitting armour, cold-blooded, AC +6
a: Stomp, Renounce Religion


You were on level 4 of the Dungeon.
You worshipped Uskayaw.
Uskayaw was noncommittal.
You were starving.

You visited 2 branches of the dungeon, and saw 5 of its levels.

You collected 276 gold pieces.

Inventory:

Hand Weapons
 a - a +0 spear (weapon)
Armour
 p - a +0 pair of boots (worn)
Jewellery
 e - a cursed ring of attention {unknown}
 i - a +1 ring of evasion {unknown}
Scrolls
 c - a scroll of enchant weapon {unknown}
 d - a scroll of fear {unknown}
 f - 4 scrolls of identify {unknown}
 j - a scroll of noise {unknown}
 k - 3 scrolls of magic mapping {unknown}
 n - a scroll of teleportation {unknown}
 o - 2 scrolls of remove curse {unknown}
 r - 2 scrolls of amnesia {unknown}
Potions
 h - a potion of degeneration
 q - a potion of magic
Comestibles
 b - 5 rations


   Skills:
 + Level 5.0 Fighting
 * Level 5.7 Polearms
 + Level 4.1 Dodging
 - Level 1.7 Stealth
 + Level 0.0 Invocations


You had 5 spell levels left.
You didn't know any spells.
Your spell library was empty.

Dungeon Overview and Level Annotations

Branches:
Dungeon (4/15)             Temple (1/1) D:4

Altars:
Dithmenos
Elyvilon
Gozag
Hepliaklqana
Kikubaaqudgha
Nemelex Xobeh
Okawaru
Sif Muna
Trog
Uskayaw
Wu Jian
Xom
Yredelemnul
The Shining One


Innate Abilities, Weirdness & Mutations

Your plain brown scales are hard. (AC +6)
You cannot fit into any form of body armour.
You are cold-blooded and may be slowed by cold attacks.


Message History

Unknown command.
Okay, than.
Ye hit tha centaur.
Ye tail-slap tha centaur.
Tha centaur be almost dead.
Tha centaur misses ye.
Unknown command.
Ye hit tha centaur but do nay damage.
Tha centaur be almost dead.
Tha centaur hits ye but does nay damage.
Tha worm misses ye.
Tha centaur hits ye but does nay damage.
Unknown command.
Ye hit tha centaur but do nay damage.
Tha centaur be almost dead.
Tha centaur misses ye.
Tha worm barely misses ye.
Unknown command.
Ye hit tha centaur but do nay damage.
Tha centaur be almost dead.
Tha centaur hits ye.
Ye die...

####.....##.#...#
+................. ..
##.#.....##.#.#.#.# ...
#........##.#.#.#.#
....#(#.#....##.#.#.# #
.....(.....#..#.#.#
.....#.⌠.#....#(#.#
...#...!...#....#.#.#...
.#...⌠.>(⌠...#.c@.......
...#.......#...w#..$####
#.
##...#.⌠.#...##(######
#.# .
###.......#.((........
#.# #
#..#.#.#####.####### #.#
#......# #.# #.#
#...#... #.# #.#
##....... #.# #.#
#....... #.#
##########.###


You could see a centaur and a worm.

Vanquished Creatures
  4 orc wizards
  An orc priest (D:3)
  A centaur skeleton (D:4)
  An iguana (D:4)
  2 worker ants (D:4)
  7 adders
  A worm (D:3)
  2 leopard geckos
  16 orcs
  15 bats
  7 giant cockroaches
  3 goblins (D:1)
  12 hobgoblins
  5 jackals (D:4)
  A kobold (D:2)
  4 quokkas
  2 ball pythons
  4 frilled lizards
  A quokka skeleton (D:4)
  6 rats
95 creatures vanquished.

Notes
Turn   | Place    | Note
-------+----------+-------------------------------------------
     0 | D:1      | BoppinsLewinski the Draconian Monk began the quest for the
                  | Orb.
     0 | D:1      | Reached XP level 1. HP: 19/19 MP: 1/1
   189 | D:1      | Reached XP level 2. HP: 13/26 MP: 2/2
  1226 | D:2      | Reached XP level 3. HP: 31/31 MP: 3/3
  1677 | D:3      | Reached XP level 4. HP: 28/40 MP: 4/4
  2153 | D:3      | Reached XP level 5. HP: 42/46 MP: 5/5
  2462 | D:3      | Reached skill level 5 in Polearms
  3352 | D:4      | Reached XP level 6. HP: 49/53 MP: 6/6
  4023 | D:4      | Found a staircase to the Ecumenical Temple.
  4032 | Temple   | Entered the Ecumenical Temple
  4151 | Temple   | Became a worshipper of Uskayaw the Reveler
  4151 | Temple   | Reached * piety under Uskayaw
  4185 | D:4      | Reached skill level 5 in Fighting
  4197 | D:4      | HP: 2/56 [worm (2)]
  4202 | D:4      | Slain by a centaur

Levels and vault maps discovered:
D:1:      tarquinn_simple_flora_water_e, layout_basic
D:2:      layout_basic, hangedman_decor_peaks_small, minmay_split_cup_large
D:3:      layout_basic, first_ration
D:4:      corexii_shack_village, layout_basic, minmay_temple_entry_sparse_star
Temple:   nicolae_temple_great_sept

Skill      XL: |  1  2  3  4  5  6 |
---------------+-------------------+-----
Dodging        | 3 4 |  4.1
Polearms       | 4 5 |  5.7
Fighting       | 4 5 |  5.0
Stealth        | |  1.7

Action                   |  1- 3 |  4- 6 || total
-------------------------+-------+-------++-------
Melee: Spear             |   189 |   313 ||   502
       Tailslap          |    16 |    41 ||    57
Invok: Stomp             |       |     2 ||     2
  Use: Potion            |       |    11 ||    11
 Stab: Sleeping          |    11 |     6 ||    17
  Eat: Chunk             |     2 |     7 ||     9
Armor: Skin              |    36 |    55 ||    91
Dodge: Dodged            |   107 |   163 ||   270

Table legend:
 A = Non-vault XP
 B = Vault XP
 C = Vault XP percentage of total XP
 D = Non-vault monster count
 E = Vault monster count
 F = Vault count percentage of total count
                 A         B        C        D         E       F
            +---------+---------+-------+---------+---------+-------
      Total |     574 |      26 |   4.3 |      88 |       7 |   7.4
            +---------+---------+-------+---------+---------+-------
        D:1 |      31 |       0 |   0.0 |      18 |       0 |   0.0
        D:2 |      42 |      19 |  31.1 |      19 |       4 |  17.4
        D:3 |     237 |       0 |   0.0 |      31 |       0 |   0.0
        D:4 |     264 |       7 |   2.6 |      20 |       3 |  13.0
            +---------+---------+-------+---------+---------+-------
